 Dungeon Crawl Stone Soup version 0.29-a0-23-ga79f92ac9c (webtiles) character file.

Game seed: 6905679321973849791

29 HallandMoats the Skirmisher (level 3, 33/33 HPs)
             Began as a Ghoul Monk on Jan 30, 2022.
             Was a Believer of Vehumet.
             Safely got out of the dungeon.
             The game lasted 00:01:22 (939 turns).

HallandMoats the Skirmisher (Ghoul Monk)             Turns: 939, Time: 00:01:22

Health: 33/33      AC:  2    Str: 16    XL:     3   Next: 16%
Magic:  2/2        EV: 12    Int:  5    God:    Vehumet [**....]
Gold:   39         SH:  0    Dex: 11    Spells: 2/2 levels left

rFire   . . .      SeeInvis .     - Unarmed
rCold   + . .      Faith    .   (no shield)
rNeg    + + +      Spirit   .   a - +0 robe
rPois   ∞          Reflect  .   (no helmet)
rElec   .          Harm     .   (no cloak)
rCorr   .          Rampage  .   (no gloves)
Will    .....                   (no boots)
Stlth   ++........              (no amulet)
HPRegen 0.11/turn               (no ring)
MPRegen 0.08/turn               (no ring)

@: no status effects
A: claws 1, cold resistance 1, negative energy resistance 3, inhibited
regeneration, torment resistance 2
a: Renounce Religion


You escaped.
You worshipped Vehumet.
Vehumet was pleased with you.
You visited 1 branch of the dungeon, and saw 1 of its levels.

You collected 39 gold pieces.

Inventory:

Armour
 a - a +0 robe (worn)
 e - a +2 ring mail of cold resistance
Scrolls
 b - a scroll of identify {unknown}
 c - a scroll of immolation {unknown}
Potions
 d - a potion of might {unknown}


   Skills:
 + Level 3.7 Fighting
 + Level 1.0 Armour
 + Level 3.0 Dodging
 - Level 2.1 Stealth
 + Level 3.6 Unarmed Combat


You had 2 spell levels left.
You didn't know any spells.
Your spell library was empty.

Dungeon Overview and Level Annotations

Branches:
Dungeon (1/15)

Altars:
Vehumet


Innate Abilities, Weirdness & Mutations

You thrive by killing the living.
You are immune to poison.
You have sharp fingernails.
Your flesh is cold resistant. (rC+)
You are immune to negative energy. (rN+++)
You do not regenerate when monsters are visible.
You are immune to unholy pain and torment.


Message History

No target in view!
No target in view!
No target in view!
No target in view!
No target in view!
No target in view!
No target in view!
No target in view!
No target in view!
No target in view!
No target in view!
No target in view!
No target in view!
No target in view!
No target in view!
No target in view!
You see here a +2 ring mail of cold resistance.
e - a +2 ring mail of cold resistance
Okay, then.
Things that are here:
a +0 dagger; a kobold corpse You see here a ring of poison resistance.
Done exploring.
Done exploring.
Done exploring.
Done exploring.
Done exploring.
(D) Dungeon
Where to? (? - help)
What level of the Dungeon? (default 1, ? - help)
There is an open door here.
There is a staircase leading out of the dungeon here.
(D) Dungeon
Where to? (Enter - D:1 @ (x,y), ? - help)
What level of the Dungeon? (default 1, ? - help)
Okay, then.
Unknown command.
Unknown command.
Are you sure you want to leave the Dungeon?
This will make you lose the game!
You have escaped!

...### #.#....#. .....###
#.#..#.## .##....########
#.##.#... .###..........#
##.##...## .#...###.#########
##.......## .#...# ##.### #.#
###.#...#.... .#...#
##..####'####..##...##...
.#...#
###..'...'..####...##.#.
##...# ####.@.#### #...##.#.
#...# ###..'...'..####...##.#[
###.#
##..####'####..##........ #.#
##.### #.# ###.#......#. #.#
#.######### ####..##...#.
#.###.#.##.# #.....##.....
#..##...##.# #.....##...#.
##.####.##.#######..........).
#.#....##...........#......#.


There were no monsters in sight!

Vanquished Creatures
  4 endoplasms (D:1)
  3 giant cockroaches (D:1)
  A goblin (D:1)
  4 hobgoblins (D:1)
  3 kobolds (D:1)
  4 ball pythons (D:1)
  3 frilled lizards (D:1)
  4 rats (D:1)
26 creatures vanquished.

Notes
Turn   | Place    | Note
-------+----------+-------------------------------------------
     0 | D:1      | HallandMoats the Ghoul Monk began the quest for the Orb.
     0 | D:1      | Reached XP level 1. HP: 19/19 MP: 0/0
   235 | D:1      | Reached XP level 2. HP: 24/26 MP: 1/1
   461 | D:1      | Found a faded altar of an unknown god.
   522 | D:1      | Prayed at the altar of an unknown god.
   522 | D:1      | Became a worshipper of Vehumet
   522 | D:1      | Reached * piety under Vehumet
   522 | D:1      | Offered knowledge of Foxfire by Vehumet.
   522 | D:1      | Reached ** piety under Vehumet
   604 | D:1      | Reached skill level 1 in Armour
   604 | D:1      | Reached XP level 3. HP: 30/31 MP: 2/2
   825 | D:1      | Offered knowledge of Scorch by Vehumet.
   939 | D:$      | Safely got out of the dungeon.

Illustrated notes

Levels and vault maps discovered:
D:1:      dpeg_arrival_radiant, layout_rooms, hellmonk_ecumenical_altar_zigzags,
          minmay_indecisive_spiral

Skill      XL: |  1  2  3 |
---------------+----------+-----
Armour         | 1 |  1.0
Dodging        | 3 |  3.0
Fighting       | |  3.7
Stealth        | |  2.1
Unarmed Combat | |  3.6

Action                   || total
-------------------------++-------
Melee: Unarmed           ||    74
       Punch             ||     1
 Stab: Sleeping          ||     3
Armor: Robe              ||     6
Dodge: Dodged            ||    53

Table legend: (Time is in decaauts)
 A = Elapsed time spent in this place.
 B = Non-inter-level travel time spent in this place.
 C = Inter-level travel time spent in this place.
 D = Time resting spent in this place.
 E = Time spent auto-exploring this place.
 F = Levels seen in this place.
 G = Mean time per level.
                   A        B        C        D        E       F      G
               +--------+--------+--------+--------+--------+-----+--------+
         Total |    934 |    907 |     27 |    184 |    519 |   1 |  934.0 |
       Dungeon |    934 |    907 |     27 |    184 |    519 |   1 |  934.0 |
               +--------+--------+--------+--------+--------+-----+--------+

Top non-repeatable levels by time:
     D:1: 934 daAuts
